 Dungeon Crawl Stone Soup version 0.17-a0-1945-gfe993df (webtiles) character file.

270295 Undrscore the Peltast (level 19, -2/142 HPs)
             Began as a Demonspawn Gladiator on Oct 1, 2015.
             Was the Champion of Ru.
             Slain by a death ooze (24 damage)
             ... created by the royal jelly
             ... on level 5 of the Pits of Slime.
             The game lasted 03:35:42 (42611 turns).

Undrscore the Peltast (Demonspawn Gladiator)       Turns: 42611, Time: 03:35:42

Health: -2/142     AC: 16    Str: 33      XL:     19   Next: 80%
Magic:  24/31      EV: 16    Int:  5 (6)  God:    Ru [******]
Gold:   818        SH: 28    Dex: 15 (16) Spells: 1 memorised, 12 levels left

rFire  x . .     SeeInvis .     L - +10 whip "Ysesov" {slash, Str+6 Int+4 Dex+4}
rCold  + + .     Clarity  .     D - +4 plate armour {rPois}
rNeg   + + +     SustAt   .     u - +6 large shield of Ignorance {rN+ AC+2 EV+2 Int-6 *Curse}
rPois  +         Gourm    .     (helmet unavailable)
rElec  +         Spirit   .     l - +2 cloak {rPois}
rCorr  +         Warding  +     (gloves unavailable)
rMut   .         NoTele   +     f - +2 pair of boots of Follow the Leader {-Cast rPois rCorr}
MR     ++...     NoCast   +     Q - amulet of Cekugob {Ward -Tele rElec rPois rN++ AC+1 EV+1}
Stlth  +.........               E - ring of Symmetry {MP+9 Str+4}
                                J - ring "Oguotim" {rElec rF- rN+++ MP+9 Stlth+}

@: exhausted, corroded equipment, no scrolls, heavily drained, very resistant to
hostile enchantments, very unstealthy
A: claws 3, horns 3, talons 2, rugged brown scales 2, blink, blurry vision 3,
clumsy 2, cold resistance 2, deformed body, deterioration 2, dopey 1, frail 1,
low mp 3, magic resistance 1, negative energy resistance 1, sense surroundings
1, poison resistance, screaming 1, electricity resistance, spiny 3, 50% torment
resistance, strong 1, teleportitis 2, evolution 1, inability to read while
threatened, inability to use devices, disrupted magic 1, MP-powered wands,
inexperienced 1
a: Blink, Draw Out Power, Power Leap, Apocalypse, Renounce Religion
}: 1/15 runes: serpentine


You were on level 5 of the Pits of Slime.
You worshipped Ru.
Ru was exalted by your worship.
You were not hungry.

You visited 9 branches of the dungeon, and saw 43 of its levels.
You also visited: Bailey and Volcano.

You collected 4129 gold pieces.
You spent 3311 gold pieces at shops.

Inventory:

Hand weapons
 L - the +10 whip "Ysesov" (weapon) {slash, Str+6 Int+4 Dex+4}
   (You bought it in a shop on level 6 of the Dungeon)

   It inflicts extra damage upon your enemies.
   It affects your strength (+6).
   It affects your intelligence (+4).
   It affects your dexterity (+4).
 R - a +2 longbow of flaming
Missiles
 h - 826 arrows
Armour
 f - the +2 pair of boots of Follow the Leader (worn) {-Cast rPois rCorr}
   (You found it on level 3 of the Elven Halls)

   It protects you from poison.
   It prevents spellcasting.
   It protects you from acid and corrosion.
 l - a +2 cloak of poison resistance (worn)
 m - a +0 shield of reflection
 u - the +6 large shield of Ignorance (worn) {rN+ AC+2 EV+2 Int-6 *Curse}
   (You bought it in a shop on level 6 of the Dungeon)

   It affects your AC (+2).
   It affects your evasion (+2).
   It affects your intelligence (-6).
   It protects you from negative energy.
   It may re-curse itself when equipped.
 y - the +0 ring mail of the Leaf {-Tele rC++ Str+2 Dex+3}
   (You bought it in a shop on level 4 of the Orcish Mines)

   It affects your strength (+2).
   It affects your dexterity (+3).
   It greatly protects you from cold.
   It prevents most forms of teleportation.
 D - a +4 plate armour of poison resistance (worn)
 H - the +0 pair of boots of Soschy Ding {Dex+3 Slay+2}
   (You bought it in a shop on level 4 of the Orcish Mines)

   It affects your dexterity (+3).
   It affects your accuracy and damage with ranged weapons and melee attacks
   (+2).
 I - a +2 scale mail of cold resistance
 N - a +2 hat of magic resistance
Jewellery
 j - an uncursed ring of poison resistance
 v - an uncursed ring of protection from fire
 w - an uncursed amulet of resist corrosion
 x - a cursed ring of teleportation
 E - the ring of Symmetry (right claw) {MP+9 Str+4}
   (You took it off a deep elf sorcerer on level 3 of the Elven Halls)

   [ring of magical power]

   It affects your strength (+4).
   It affects your magic capacity (+9).
 F - an uncursed amulet of resist mutation
 J - the ring "Oguotim" (left claw) {rElec rF- rN+++ MP+9 Stlth+}
   (You found it on level 3 of the Elven Halls)

   [ring of magical power]

   It makes you vulnerable to fire.
   It insulates you from electricity.
   It renders you almost immune to negative energy.
   It affects your magic capacity (+9).
   It makes you more stealthy.
 K - an uncursed ring of see invisible
 P - an uncursed ring of fire
 Q - the amulet of Cekugob (around neck) {Ward -Tele rElec rPois rN++ AC+1 EV+1}
   (You bought it in a shop on level 2 of the Snake Pit)

   [amulet of warding]

   It may prevent the melee attacks of summoned creatures.
   It affects your AC (+1).
   It affects your evasion (+1).
   It insulates you from electricity.
   It protects you from poison.
   It greatly protects you from negative energy.
   It prevents most forms of teleportation.
Scrolls
 g - 23 scrolls of identify
 i - 15 scrolls of remove curse
 k - 6 scrolls of blinking
 p - 11 scrolls of enchant armour
 q - 7 scrolls of enchant weapon
 z - 8 scrolls of magic mapping
 A - 14 scrolls of teleportation
 G - a scroll of fear
 S - 2 scrolls of silence
 X - 4 scrolls of fog
Potions
 b - a potion of cancellation
 c - 2 potions of berserk rage
 d - 4 potions of brilliance
 n - a potion of heal wounds
 o - 3 potions of agility
 r - 3 potions of resistance
 t - 4 potions of flight
 O - 8 potions of curing
 U - 2 potions of might
Books
 T - Sif Muna's Reference Book on Supportive Evil
   (You found it on level 3 of the Snake Pit)

   Spells                             Type                      Level
   a - Animate Skeleton               Necromancy                   1
   b - Summon Butterflies             Summoning                    1
   c - Regeneration                   Charms/Necromancy            3
   d - Summon Ice Beast               Ice/Summoning                4
   e - Summon Lightning Spire         Summoning/Air                4
   f - Dispel Undead                  Necromancy                   5
Comestibles
 e - 16 bread rations
 s - 14 meat rations
 B - 9 beef jerkies
 C - 3 royal jellies


   Skills:
 + Level 13.5(11.2) Fighting
 + Level 14.2(11.8) Maces & Flails
   Level 6.1(4.2) Polearms
 - Level 1.8(0.1) Throwing
 + Level 10.1(8.0) Armour
 + Level 14.2(11.8) Dodging
 + Level 14.2(11.8) Stealth
 + Level 17.1(14.6) Shields


You had 12 spell levels left.
You knew the following spells:

 Your Spells              Type           Power        Failure   Level  Hunger
a - Haste                 Chrm           #.......     100%        6    #######


Dungeon Overview and Level Annotations

Branches:
Dungeon (15/15)            Temple (1/1) D:6            Lair (8/8) D:10
  Swamp (1/4) Lair:5        Snake (4/4) Lair:5        Slime (6/6) Lair:7
    Orc (4/4) D:10            Elf (3/3) Orc:3        Vaults (0/5) D:13
 Depths (1/5) D:15

Altars:
Ashenzari
Cheibriados
Dithmenos
Elyvilon
Fedhas
Gozag
Kikubaaqudgha
Makhleb
Nemelex Xobeh
Okawaru
Qazlal
Ru
Sif Muna
Trog
Vehumet
Xom
Yredelemnul
Zin
The Shining One
Jiyva

Shops:
D:6 ([[[*   D:14 %*[%?   Orc:1 !   Orc:4 ([[*   Elf:3 (   Snake:2 =

Annotations:
Lair:6 exclusion: oklob plant
Slime:6 Royal Jelly


Innate Abilities, Weirdness & Mutations

You have claws for hands.
You are mostly covered in rugged brown scales (AC +2, +5% HP).
Your flesh is very cold resistant.
You are dopey. (Int -2)
You resist negative energy.
You occasionally shout uncontrollably at your foes.
You are completely covered in sharp spines.
You are somewhat able to resist unholy torments (1 in 2 success).
You cannot read scrolls while threatened.
You cannot study or use magical devices.
Your casting is slightly disrupted.
You are somewhat inexperienced (-2 XL).
You have a pair of large horns on your head.
You have razor-sharp toenails.
You can translocate small distances at will.
Scrolls take you much longer to read.
You are very clumsy. (Dex -4)
Armour fits poorly on your strangely shaped body.
Your body often deteriorates upon taking damage.
You are frail (-10% HP).
Your magical capacity is extremely low (-30% MP).
You are resistant to hostile enchantments.
You passively map a small area around you.
Your system is resistant to poisons.
You are resistant to electric shocks.
Your muscles are strong. (Str +2)
You are sometimes teleported to nearby monsters.
You evolve.
You expend magic power (3 MP) to strengthen your wands.


Message History

The death ooze hits you!!
* * * LOW HITPOINT WARNING * * *
Your body deteriorates!
You feel clumsy.
Unknown command.
Drink which item? (? for menu, Esc to quit)
You feel much better. The acid blob hits you!
* * * LOW HITPOINT WARNING * * *
You are splashed with acid!
The acid burns!
You resist.
* * * LOW HITPOINT WARNING * * *
You redirect the acid blob's attack!
The acid blob hits the azure jelly!
The azure jelly is splashed with acid.
You block the azure jelly's attack.
The azure jelly hits you but does no damage.
The azure jelly hits you.
* * * LOW HITPOINT WARNING * * *
The azure jelly completely misses you.
You redirect the acid blob's attack!
The acid blob hits you but does no damage.
You block the death ooze's attack. The death ooze hits you!!
You die...

....................#.#.....#
..#................#........##
...........>......##.........#
.........<..<............##.##
.....#............#......#...#
.................###......#.##
......>....#.....##.......###
...............JJJ#.........##
#.#.............@...<........#
...............J.J..........###
.....................#........##
.....#.....#...................#
......#.................#.....##
.#..........<..........###..###
#.............##.#......#....#
..........#.....####....##..##
..........#.......#.....##.##


You could see 3 acid blobs, an azure jelly and a death ooze.

Vanquished Creatures
  2 deep elf blademasters
  17 acid blobs
  2 deep elf master archers (Elf:3)
  Gastronok (D:9)
  9 azure jellies
  Wiglaf (Snake:4)
  10 greater nagas
  2 orc warlords
  Donald (Elf:3)
  3 deep elf sorcerers
  7 deep elf demonologists
  3 deep elf annihilators (Elf:3)
  2 ettins
  Snorg (Lair:8)
  3 deep elf high priests
  4 deep elf death magi (Elf:3)
  3 death oozes (Slime:6)
  8 vault guards (D:13)
  6 great orbs of eyes
  An ice dragon (Depths:1)
  14 naga warriors
  9 hydras
  16 anacondas
  Erica (Lair:2)
  7 death yaks (Lair:8)
  3 ogre magi
  5 centaur warriors
  17 dancing weapons (Elf:2)
  A catoblepas (Lair:8)
  4 tengu warriors
  An orc high priest (Elf:3)
  20 deep elf knights
  6 shock serpents
  10 naga sharpshooters
  A deep troll shaman (Lair:8)
  Nergalle (Orc:2)
  A hell knight (Volcano)
  3 salamander mystics (Snake:2)
  A fire crab (Lair:6)
  3 deep trolls
  5 skeletal warriors (D:15)
  An unseen horror (D:14)
  13 naga ritualists
  Pikel (D:6)
  13 deep elf summoners
  8 hill giants
  16 deep elf conjurers
  A manticore (D:8)
  10 shining eyes
  A wolf spider zombie (D:13)
  10 ugly things
  9 mana vipers
  An orb spider (shapeshifter) (D:15)
  5 orc knights
  4 griffons
  5 salamanders
  5 cyclopes
  2 toenail golems (Volcano)
  40 black mambas
  2 orc sorcerers
  4 elephants (Lair:8)
  An eye of devastation (Slime:1)
  2 centaur zombies
  12 naga magi
  4 centaur skeletons
  2 molten gargoyles (Volcano)
  A gargoyle (D:14)
  16 spiny frogs
  13 guardian serpents
  2 fire drakes
  3 komodo dragons
  18 deep elf priests
  6 kobold demonologists
  A jumping spider (shapeshifter) (Elf:3)
  2 red devils (Volcano)
  15 blink frogs
  3 polar bears (Lair:8)
  A wind drake (shapeshifter) (D:15)
  3 small abominations (Elf:3)
  10 trolls
  7 two-headed ogres
  A boulder beetle (Lair:7)
  98 slime creatures
  A fire elemental (D:14)
  2 trapdoor spiders
  A water elemental (D:14)
  A spriggan (D:7)
  An air elemental (D:14)
  A tarantella (shapeshifter) (D:14)
  3 wyverns
  27 deep elf magi
  2 basilisks
  36 deep elf fighters
  27 golden eyes
  A hungry ghost (D:12)
  3 wraiths
  Grum (D:10)
  29 wolves
  14 hippogriffs
  A steam dragon (D:11)
  54 yaks
  A hippogriff (shapeshifter) (Elf:2)
  A harpy simulacrum (D:13)
  A water moccasin (shapeshifter) (D:14)
  42 nagas
  A warg (Orc:2)
  A hornet simulacrum (D:11)
  A hell hound (Volcano)
  15 water moccasins
  2 phantoms
  2 ice beasts
  4 black bears
  13 porcupines
  7 sky beasts
  22 ogres
  A wasp (D:8)
  9 centaurs
  4 slaves (D:6)
  6 eyes of draining
  32 orc warriors
  16 crocodiles
  A big kobold (D:11)
  22 giant frogs
  An earth elemental (D:14)
  A water moccasin skeleton (D:8)
  4 scorpions
  3 electric eels (Lair:3)
  6 crimson imps
  8 hounds
  2 giant frog zombies
  28 orc wizards
  25 jellies
  A giant frog skeleton (D:8)
  21 orc priests
  2 quasits
  3 iguanas
  Natasha (thrice) (D:4 D:6)
  7 sheep (Lair:8)
  13 worker ants
  A hound zombie (D:6)
  23 gnolls
  57 river rats
  13 adders
  A worker ant zombie (D:8)
  5 shadow imps
  An ooze (D:2)
  An adder zombie (D:5)
  5 adder skeletons
  3 worms
  7 giant geckos
  204 orcs
  5 ball pythons
  20 hobgoblins
  21 jackals
  13 kobolds
  5 quokkas
  8 bats
  5 giant cockroaches
  A giant gecko skeleton (D:5)
  5 giant newts
  19 goblins
  A jackal skeleton (D:5)
  5 rats
  A crawling corpse (Elf:3)
  A plant (Lair:3)
1555 creatures vanquished.

Vanquished Creatures (others)
  A deep elf annihilator (Elf:3)
  A hydra (D:15)
  2 anacondas (Snake:4)
  A naga sharpshooter (Snake:4)
  Urug (D:10)
  A shock serpent (Snake:4)
  A hill giant (D:10)
  A deep elf conjurer (Elf:2)
  A guardian serpent (Snake:4)
  A komodo dragon (Lair:5)
  A troll (Orc:3)
  A slime creature (Slime:3)
  A deep elf mage (Elf:1)
  2 nagas (Snake:4)
  2 deep elf fighters
  A porcupine (Lair:1)
  An ice beast (D:12)
  A centaur (D:5)
  A crocodile (Lair:8)
  A giant frog (D:6)
  An orc wizard (D:7)
  A jelly (Slime:6)
  A worker ant (D:5)
  A river rat (Lair:8)
  2 orcs
  21 fungi
  5 plants
55 creatures vanquished.

Grand Total: 1610 creatures vanquished

Notes
Turn   | Place    | Note
--------------------------------------------------------------
     0 | D:1      | Undrscore the Demonspawn Gladiator began the quest for the Orb.
     0 | D:1      | Reached XP level 1. HP: 16/16 MP: 1/1
   233 | D:1      | Reached skill level 3 in Polearms
   248 | D:1      | Gained mutation: You are partially covered in rugged brown scales (AC +1, +3% HP). [demonic ancestry]
   248 | D:1      | Reached XP level 2. HP: 5/22 MP: 2/2
  1192 | D:2      | Reached XP level 3. HP: 23/27 MP: 3/3
  1588 | D:2      | Reached skill level 1 in Armour
  1588 | D:2      | Gained mutation: You are partially covered in sharp spines. [demonic ancestry]
  1588 | D:2      | Reached XP level 4. HP: 18/33 MP: 4/4
  1950 | D:2      | Found a sacrificial altar of Ru.
  1959 | D:2      | Became a worshipper of Ru the Awakened
  2498 | D:3      | Reached XP level 5. HP: 29/40 MP: 5/5
  2699 | D:3      | Found a shattered altar of Ashenzari.
  2967 | D:4      | Noticed a centaur
  2971 | D:4      | Noticed Natasha
  2973 | D:4      | Killed a centaur
  2973 | D:4      | Reached skill level 4 in Dodging
  2973 | D:4      | Reached skill level 1 in Stealth
  2974 | D:4      | Killed Natasha
  2974 | D:4      | Gained mutation: You have sharp fingernails. [demonic ancestry]
  2974 | D:4      | Reached XP level 6. HP: 21/47 MP: 6/6
  3160 | D:4      | Gained mutation: You cannot study or use magical devices. [Ru sacrifice]
  3160 | D:4      | Acquired Ru's first power
  3160 | D:4      | Acquired Ru's second power
  3160 | D:4      | Acquired Ru's third power
  4239 | D:5      | Entered Level 5 of the Dungeon
  4311 | D:5      | Gained mutation: You are mostly covered in sharp spines. [demonic ancestry]
  4311 | D:5      | Reached XP level 7. HP: 49/53 MP: 7/7
  4541 | D:5      | Reached skill level 5 in Dodging
  4658 | D:5      | Gained mutation: Your casting is slightly disrupted. [Ru sacrifice]
  4700 | D:5      | Gained mutation: Scrolls take you a little longer to read. [mutagenic meat]
  4701 | D:5      | Gained mutation: Your flesh is cold resistant. [mutagenic meat]
  4702 | D:5      | Gained mutation: You have a pair of small horns on your head. [mutagenic meat]
  4703 | D:5      | Gained mutation: Scrolls take you longer to read. [mutagenic meat]
  4864 | D:5      | Found a blossoming altar of Fedhas.
  4864 | D:5      | Found an ancient bone altar of Kikubaaqudgha.
  4991 | D:5      | Reached skill level 5 in Polearms
  4991 | D:5      | Gained mutation: You have very sharp fingernails. [demonic ancestry]
  4991 | D:5      | Reached XP level 8. HP: 23/61 MP: 8/8
  5167 | D:6      | Noticed Natasha
  5172 | D:6      | Killed Natasha
  5253 | D:6      | Noticed Natasha
  5262 | D:6      | Killed Natasha
  5291 | D:6      | Got an ancient buckler
  5309 | D:6      | Identified the -1 buckler of Hopscotch {rF- rC- MR+++ rCorr} (You found it on level 6 of the Dungeon)
  5319 | D:6      | Found a staircase to the Ecumenical Temple.
  5340 | Temple   | Entered the Ecumenical Temple
  5432 | D:6      | Found Uheps's Antique Weapon Shoppe.
  5434 | D:6      | Found Osiyfy's Armour Shop.
  5461 | D:6      | Bought a pitted whip for 240 gold pieces
  5461 | D:6      | Identified the +10 whip "Ysesov" {slash, Str+6 Int+4 Dex+4} (You bought it in a shop on level 6 of the Dungeon)
  5504 | D:6      | Found Gacoi's Antique Armour Boutique.
  5533 | D:6      | Found Aguanykh's Armour Shop.
  5624 | D:6      | Found Vaquxe's General Store.
  5632 | D:6      | Noticed Pikel
  5647 | D:6      | Killed Pikel
  5647 | D:6      | Reached skill level 5 in Fighting
  5647 | D:6      | Reached skill level 6 in Dodging
  5669 | D:6      | Found a glowing golden altar of the Shining One.
  5695 | D:6      | Gained mutation: You are completely covered in sharp spines. [demonic ancestry]
  5695 | D:6      | Reached XP level 9. HP: 56/70 MP: 9/9
  5890 | D:7      | Found a basalt altar of Yredelemnul.
  5890 | D:7      | Found a stormy altar of Qazlal.
  5891 | D:7      | Found a shimmering altar of Xom.
  6132 | D:7      | Gained mutation: You are dopey. (Int -2) [Ru sacrifice]
  6132 | D:7      | Acquired Ru's fourth power
  6370 | D:7      | Reached skill level 1 in Maces & Flails
  6457 | D:8      | Reached skill level 7 in Dodging
  6515 | D:8      | Noticed a manticore
  6522 | D:8      | Reached skill level 1 in Shields
  6532 | D:8      | Killed a manticore
  6867 | D:8      | Reached skill level 5 in Armour
  7230 | D:8      | Gained mutation: Your muscles are strong. (Str +2) [mutagenic meat]
  7231 | D:8      | Gained mutation: Your muscles are very strong. (Str +4) [mutagenic meat]
  7232 | D:8      | Gained mutation: Your spells are a little harder to cast, but a little more powerful. [mutagenic meat]
  7233 | D:8      | Gained mutation: You expend magic power (3 MP) to strengthen your wands. [mutagenic meat]
  7234 | D:8      | Gained mutation: You evolve. [mutagenic meat]
  7236 | D:8      | Lost mutation: Your muscles are very strong. (Str +4) [mutagenic meat]
  7352 | D:9      | Gained mutation: You have claws for hands. [demonic ancestry]
  7352 | D:9      | Reached XP level 10. HP: 65/78 MP: 10/10
  7425 | D:9      | Reached skill level 5 in Stealth
  7575 | D:9      | Found a shadowy altar of Dithmenos.
  7578 | D:9      | Noticed Gastronok
  7595 | D:9      | Gained mutation: You cannot read scrolls while threatened. [Ru sacrifice]
  7595 | D:9      | Acquired Ru's fifth power
  7598 | D:9      | Killed Gastronok
  7598 | D:9      | Reached skill level 8 in Dodging
  8329 | D:10     | Entered Level 10 of the Dungeon
  8360 | D:10     | Noticed Grum
  8366 | D:10     | Killed Grum
  8437 | D:10     | Noticed a hill giant
  8443 | D:10     | Killed a hill giant
  8560 | D:10     | Noticed Urug
  8575 | D:10     | Killed Urug
  8641 | D:10     | Reached XP level 11. HP: 71/85 MP: 11/11
  8714 | D:10     | Reached skill level 5 in Shields
  8714 | D:10     | Reached XP level 12. HP: 90/94 MP: 12/12
  8869 | D:10     | Found a staircase to the Orcish Mines.
  8890 | Orc:1    | Entered Level 1 of the Orcish Mines
  9207 | Orc:2    | Gained mutation: You are somewhat inexperienced (-2 XL). [Ru sacrifice]
  9207 | Orc:2    | Reached XP level 11. HP: 75/88 MP: 11/11
  9207 | Orc:2    | Reached XP level 10. HP: 75/82 MP: 10/10
  9255 | Orc:2    | Found a radiant altar of Vehumet.
  9259 | Orc:2    | Noticed an orc warlord
  9270 | Orc:2    | Noticed Nergalle
  9314 | Orc:2    | Killed Nergalle
  9314 | Orc:2    | Reached skill level 9 in Dodging
  9597 | Orc:2    | Killed an orc warlord
  9762 | D:7      | Lost mutation: Scrolls take you longer to read. [evolution]
  9803 | D:6      | Bought the cursed +6 large shield of Ignorance {rN+ AC+2 EV+2 Int-6 *Curse} for 562 gold pieces
 10572 | Orc:4    | Entered Level 4 of the Orcish Mines
 10629 | Orc:4    | Reached XP level 11. HP: 88/88 MP: 11/11
 10655 | Orc:4    | Found Rezueg's General Store.
 10656 | Orc:4    | Found Siq Xej's Armour Emporium.
 10656 | Orc:4    | Noticed a cyclops
 10657 | Orc:4    | Noticed a hill giant
 10659 | Orc:4    | Noticed an ogre mage
 10661 | Orc:4    | Killed a cyclops
 10662 | Orc:4    | Noticed a deep troll
 10663 | Orc:4    | Noticed a cyclops
 10664 | Orc:4    | Found Hoyraap's Antique Armour Shop.
 10664 | Orc:4    | Noticed an ettin
 10666 | Orc:4    | Noticed a deep troll
 10666 | Orc:4    | Killed a hill giant
 10872 | Orc:4    | Killed a deep troll
 10872 | Orc:4    | Reached skill level 10 in Dodging
 10873 | Orc:4    | Killed an ettin
 10882 | Orc:4    | Killed a deep troll
 10896 | Orc:3    | Gained mutation: You occasionally shout uncontrollably at your foes. [Ru sacrifice]
 11088 | Orc:3    | Killed a cyclops
 11119 | Orc:4    | Killed an ogre mage
 11265 | Orc:4    | Bought the cursed +0 pair of boots of Soschy Ding {Dex+3 Slay+2} for 255 gold pieces
 11283 | Orc:4    | Found Fetousem's Weapon Shoppe.
 11301 | Orc:4    | Bought a crude ring mail for 234 gold pieces
 11313 | Orc:4    | Identified the +0 ring mail of the Leaf {-Tele rC++ Str+2 Dex+3} (You bought it in a shop on level 4 of the Orcish Mines)
 11341 | Orc:4    | Reached XP level 12. HP: 78/96 MP: 12/12
 11394 | Orc:4    | Noticed an ogre mage
 11403 | Orc:4    | Killed an ogre mage
 12150 | Orc:3    | Found a staircase to the Elven Halls.
 12331 | Orc:1    | Found Juxikym's Distillery.
 12373 | Orc:1    | Bought a potion of cancellation for 128 gold pieces
 12373 | Orc:1    | Bought a potion of lignification for 48 gold pieces
 12373 | Orc:1    | Bought 2 potions of heal wounds for 160 gold pieces
 12373 | Orc:1    | Bought a potion of curing for 48 gold pieces
 12373 | Orc:1    | Bought a potion of curing for 48 gold pieces
 12686 | Elf:1    | Entered Level 1 of the Elven Halls
 13208 | D:10     | Found a staircase to the Lair.
 13290 | Lair:1   | Entered Level 1 of the Lair of Beasts
 14708 | Lair:2   | Noticed Erica
 14724 | Lair:2   | Killed Erica
 14724 | Lair:2   | Gained mutation: You resist negative energy. [demonic ancestry]
 14724 | Lair:2   | Reached XP level 13. HP: 104/104 MP: 13/13
 15292 | Lair:3   | Found a dark tunnel.
 15302 | Volcano  | Entered a volcano
 15497 | Volcano  | Found a bloodstained altar of Trog.
 15923 | Lair:3   | Lost mutation: Your muscles are strong. (Str +2) [evolution]
 16469 | Lair:4   | Learned a level 6 spell: Haste
 16988 | Lair:5   | Found a staircase to the Swamp.
 17076 | Lair:5   | Found a staircase to the Snake Pit.
 17088 | Lair:5   | Reached skill level 11 in Dodging
 17269 | Lair:5   | Reached skill level 10 in Stealth
 17364 | Lair:5   | Reached skill level 10 in Shields
 17781 | Lair:5   | Gained mutation: Your spells are harder to cast, but more powerful. [evolution]
 18568 | Lair:6   | Gained mutation: You are somewhat able to resist unholy torments (1 in 2 success). [demonic ancestry]
 18568 | Lair:6   | Reached XP level 14. HP: 110/112 MP: 14/14
 18711 | Lair:6   | Found a blossoming altar of Fedhas.
 19060 | Lair:7   | Found a staircase to the Slime Pits.
 19499 | Lair:8   | Entered Level 8 of the Lair of Beasts
 19527 | Lair:8   | Reached skill level 10 in Fighting
 19824 | Lair:8   | Noticed Snorg
 19856 | Lair:8   | Killed Snorg
 20594 | Swamp:1  | Entered Level 1 of the Swamp
 20968 | Elf:1    | Reached skill level 10 in Maces & Flails
 21351 | Elf:1    | Noticed a deep elf demonologist
 21354 | Elf:1    | Noticed a balrug
 21357 | Elf:1    | Noticed a deep elf high priest
 21357 | Elf:1    | Reached skill level 12 in Dodging
 21357 | Elf:1    | Gained mutation: You are mostly covered in rugged brown scales (AC +2, +5% HP). [demonic ancestry]
 21357 | Elf:1    | Reached XP level 15. HP: 114/122 MP: 15/15
 21357 | Elf:1    | Killed a deep elf demonologist
 21364 | Elf:1    | Killed a deep elf high priest
 22057 | Elf:2    | Got a polished ring mail
 22068 | Elf:2    | Identified the +2 ring mail of Lugonu's Esteem {rC+ Int+4} (You found it on level 2 of the Elven Halls)
 22713 | Elf:2    | Found a runed gate.
 22713 | Elf:2    | Found a runed gate.
 22713 | Elf:2    | Found a runed gate.
 23055 | Elf:2    | Noticed a deep elf blademaster
 23075 | Elf:2    | Killed a deep elf blademaster
 23927 | Elf:3    | Entered Level 3 of the Elven Halls
 24188 | Elf:3    | Reached XP level 16. HP: 84/131 MP: 16/16
 24358 | Elf:3    | Noticed Donald
 24375 | Elf:3    | Killed Donald
 24711 | Elf:3    | Found Imoer's Weapon Emporium.
 24975 | Elf:3    | Noticed a deep elf master archer
 24980 | Elf:3    | Noticed a deep elf blademaster
 24981 | Elf:3    | Noticed an Executioner
 24984 | Elf:3    | Noticed an Ice Fiend
 25006 | Elf:3    | Killed an Ice Fiend
 25007 | Elf:3    | Killed a deep elf blademaster
 25009 | Elf:3    | Noticed a Brimstone Fiend
 25017 | Elf:3    | Killed a ghostly deep elf blademaster
 25020 | Elf:3    | Killed a deep elf master archer
 25040 | Elf:3    | Killed a ghostly deep elf master archer
 25040 | Elf:3    | Reached skill level 13 in Shields
 25393 | Elf:3    | Noticed a deep elf master archer
 25419 | Elf:3    | Killed a deep elf master archer
 25732 | Elf:3    | Got a clouded marble ring
 25740 | Elf:3    | Identified the ring of Symmetry {MP+9 Str+4} (You took it off a deep elf sorcerer on level 3 of the Elven Halls)
 25764 | Elf:3    | Identified the Papyrus of the Assorted Mice
 25779 | Elf:3    | Got a sparkling copper ring
 25781 | Elf:3    | Identified the ring "Oguotim" {rElec rF- rN+++ MP+9 Stlth+} (You found it on level 3 of the Elven Halls)
 25784 | Elf:3    | Identified Cerebov's Papyrus of Battle Magic
 25794 | Elf:3    | Identified the Guide on Ashen Moulding (You found it on level 3 of the Elven Halls)
 25847 | Elf:3    | Got a pair of faintly humming boots
 25850 | Elf:3    | Identified the +2 pair of boots of Follow the Leader {-Cast rPois rCorr} (You found it on level 3 of the Elven Halls)
 25859 | Elf:3    | Got a smoking war axe
 25869 | Elf:3    | Identified the cursed +3 war axe "Teka" {freeze, rPois Int+3} (You found it on level 3 of the Elven Halls)
 26094 | Elf:3    | Lost mutation: Your flesh is cold resistant. [evolution]
 26610 | Slime:1  | Entered Level 1 of the Pits of Slime
 27752 | D:11     | Gained mutation: You have sharp toenails. [mutagenic meat]
 28210 | D:12     | Gained mutation: You have razor-sharp toenails. [potion of mutation]
 28210 | D:12     | Gained mutation: You are resistant to electric shocks. [potion of mutation]
 28210 | D:12     | Gained mutation: You passively map a small area around you. [potion of mutation]
 28676 | D:12     | Gained mutation: Your flesh is cold resistant. [mutagenic meat]
 28677 | D:12     | Gained mutation: You have a pair of horns on your head. [mutagenic meat]
 28678 | D:12     | Gained mutation: Your body sometimes deteriorates upon taking damage. [mutagenic meat]
 28680 | D:12     | Lost mutation: Your spells are harder to cast, but more powerful. [mutagenic meat]
 28681 | D:12     | Gained mutation: Your magical capacity is low (-10% MP). [mutagenic meat]
 29057 | D:13     | Found a gate to the Vaults.
 29088 | D:13     | Reached XP level 17. HP: 122/139 MP: 8/15
 29466 | D:13     | Gained mutation: You rapidly evolve. [mutagenic meat]
 29467 | D:13     | Gained mutation: You can translocate small distances at will. [mutagenic meat]
 29468 | D:13     | Gained mutation: Your magical capacity is very low (-20% MP). [mutagenic meat]
 29469 | D:13     | Gained mutation: Your system is resistant to poisons. [mutagenic meat]
 29470 | D:13     | Gained mutation: Potions and wands are less effective at restoring your health. [mutagenic meat]
 29723 | D:14     | Found Wuwn's Antique Armour Shoppe.
 29741 | D:14     | Found Ywubb's Food Shop.
 29749 | D:14     | Bought a royal jelly for 28 gold pieces
 29749 | D:14     | Bought a royal jelly for 28 gold pieces
 29804 | D:14     | Found a large runed door.
 29925 | D:14     | Found Teassuam's Food Shoppe.
 29938 | D:14     | Gained mutation: Your magical capacity is extremely low (-30% MP). [mutagenic meat]
 29939 | D:14     | Gained mutation: You are resistant to hostile enchantments. [mutagenic meat]
 29940 | D:14     | Lost mutation: Your spells are a little harder to cast, but a little more powerful. [mutagenic meat]
 29941 | D:14     | Lost mutation: Potions and wands are less effective at restoring your health. [mutagenic meat]
 29953 | D:14     | Found Hovuhed's General Store.
 29966 | D:14     | Bought a scroll of remove curse for 45 gold pieces
 30027 | D:14     | Found a flagged portal.
 30035 | Bailey   | Entered a bailey
 30061 | Bailey   | Gained mutation: Your muscles are strong. (Str +2) [evolution]
 30275 | Bailey   | Reached skill level 14 in Shields
 30658 | D:14     | Found a large runed door.
 30805 | D:14     | Found Waikoewa's Magic Scroll Shop.
 30816 | D:14     | Bought a scroll of acquirement for 884 gold pieces
 31147 | D:15     | Entered Level 15 of the Dungeon
 31580 | D:15     | Found a staircase to the Depths.
 31601 | Depths:1 | Entered Level 1 of the Depths
 32448 | Snake:1  | Entered Level 1 of the Snake Pit
 33951 | Snake:2  | Found Tymus's Jewellery Boutique.
 33958 | Snake:2  | Bought the amulet of Cekugob {Ward -Tele rElec rPois rN++ AC+1 EV+1} for 603 gold pieces
 34817 | Snake:2  | Reached XP level 18. HP: 148/148 MP: 12/12
 35130 | Snake:3  | Identified Sif Muna's Reference Book on Supportive Evil (You found it on level 3 of the Snake Pit)
 35144 | Snake:3  | Reached skill level 15 in Shields
 35524 | Snake:3  | Gained mutation: Your muscles are very strong. (Str +4) [evolution]
 35524 | Snake:3  | Lost mutation: You rapidly evolve. [end of evolution]
 36274 | Snake:4  | Entered Level 4 of the Snake Pit
 36274 | Snake:4  | Noticed Wiglaf
 36296 | Snake:4  | Killed Wiglaf
 37728 | Snake:4  | Reached skill level 16 in Shields
 38121 | Snake:4  | Got a serpentine rune of Zot
 38510 | Slime:1  | Gained mutation: You have a pair of large horns on your head. [a shining eye]
 38511 | Slime:1  | Gained mutation: You are clumsy. (Dex -2) [a shining eye]
 38512 | Slime:1  | Gained mutation: Scrolls take you longer to read. [a shining eye]
 38514 | Slime:1  | Gained mutation: You are robust (+10% HP). [a shining eye]
 38516 | Slime:1  | Gained mutation: Your body often deteriorates upon taking damage. [a shining eye]
 38769 | Slime:2  | Gained mutation: Your flesh is very cold resistant. [demonic ancestry]
 38769 | Slime:2  | Reached XP level 19. HP: 154/170 MP: 13/13
 39102 | Slime:1  | Lost mutation: You are robust (+10% HP). [a shining eye]
 39106 | Slime:1  | Noticed an acid blob
 39118 | Slime:1  | Killed an acid blob
 39334 | Slime:2  | Gained mutation: You are occasionally teleported to nearby monsters. [a shining eye]
 39793 | Slime:2  | Paralysed by a great orb of eyes for 6 turns
 39962 | Slime:3  | Gained mutation: Scrolls take you much longer to read. [a shining eye]
 40667 | Slime:4  | Gained mutation: You are sometimes teleported to nearby monsters. [evolution]
 41303 | Slime:5  | Gained mutation: You are very clumsy. (Dex -4) [a shining eye]
 41306 | Slime:5  | Lost mutation: Your muscles are very strong. (Str +4) [a shining eye]
 41338 | Slime:5  | Gained mutation: Armour fits poorly on your strangely shaped body. [a shining eye]
 41837 | Slime:6  | Entered Level 6 of the Pits of Slime
 41929 | Slime:6  | Reached skill level 17 in Shields
 41933 | Slime:6  | Gained mutation: You are frail (-10% HP). [a shining eye]
 41942 | Slime:6  | Found a viscous altar of Jiyva.
 41944 | Slime:6  | Noticed the royal jelly
 41961 | Slime:6  | Reached skill level 10 in Armour
 42039 | Slime:6  | HP: 3/142 [enormous slime creature (55)]
 42611 | Slime:5  | Slain by a death ooze

Vault maps used:
D:1:      eino_arrival_druids_welcome
D:2:      nicolae_ru_the_path_less_chosen, nrook_mini_backslash
D:3:      lemuel_tele_altar
D:4:      first_bread, uniq_natasha
D:5:      grunt_temple_overflow_growth_and_decay
D:6:      minmay_temple_entry_mist, serial_shops, nicolae_shop_crystal, shop,
          shop, shop_statue, nicolae_shop_trees, basic_altar, lightli_minifort,
          uniq_pikel
D:7:      gammafunk_temple_overflow_claw, the_bakery, kennysheep_generic_room_7
D:9:      grunt_dithmenos_smoke, uniq_gastronok
D:10:     dpeg_lair_monsters, hiddenorc1_lemuel, uniq_grum, uniq_urug
D:12:     minmay_misc_feat_diagonals
D:13:     erik_vaults_2
D:14:     enter_bailey_2, serial_shops, shop, nicolae_shop_overgrown_old_shop,
          shop, shop, shop_fountains, minmay_misc_feat_four_crosses,
          lightli_elemental_guards
D:15:     hangedman_depths_entry_civil_slaughter, moated_statue
Temple:   zaba_magenta_temple_12
Lair:1:   lab_entry_generic
Lair:2:   grunt_forest_large_clearings, uniq_erica
Lair:3:   statuecave_lemuel, enter_volcano_1, nicolae_quartered_pool_super
Lair:5:   minmay_swamp_entry_reptiles, minmay_snake_entry_six_corridors,
          lemuel_fruit_tree, bh_autumn_forest_stairs
Lair:6:   lemuel_oklob_altar
Lair:7:   slime_dummy
Lair:8:   grunt_lair_end_beastmaster, st_stairs_9, lookout_lair_type, uniq_snorg
Swamp:1:  hangedman_swamp_pad, swamp_pool3, uniq_nikola
Snake:1:  spider_trap, grunt_ministairs_6
Snake:2:  serial_shops, nicolae_shop_stone, st_stairs_9
Snake:4:  grunt_snake_rune_serpentine_throne, uniq_wiglaf
Slime:1:  cheibrodos_slime_lost_civilization_4
Slime:4:  cheibrodos_slime_lost_civilization_5
Orc:1:    serial_shops, shop
Orc:2:    basic_altar, uniq_nergalle
Orc:3:    nicolae_orc_pool_cavern
Orc:4:    st_orc_open
Elf:1:    elf_arrival_002, hangedman_elf_represent, elves_outpost_lemuel
Elf:3:    elf_hall_gauntlet_narrow, serial_shops, shop, uniq_donald
Depths:1: grunt_metal_band, guppyfry_shop_blood, hangedman_decor_cross_pass
Bailey:   bailey_axe_minmay_hex_keep, bailey
Volcano:  volcano_lake

Action                   |  1- 3 |  4- 6 |  7- 9 | 10-12 | 13-15 | 16-18 | 19-21 || total
-------------------------+-------+-------+-------+-------+-------+-------+-------++-------
Melee: Trident           |   156 |   167 |    79 |       |       |       |       ||   402
       Whip              |       |       |   114 |   627 |  1239 |  2003 |   617 ||  4600
Invok: Sacrifice Artific |       |     1 |       |       |       |       |       ||     1
       Sacrifice Essence |       |       |     1 |       |       |       |       ||     1
       Sacrifice Purity  |       |       |     1 |     1 |       |       |       ||     2
       Apocalypse        |       |       |       |     4 |     4 |     7 |     2 ||    17
       Power Leap        |       |       |       |     1 |     1 |       |       ||     2
       Sacrifice Words   |       |       |       |     1 |       |       |       ||     1
       Sacrifice Experie |       |       |       |     1 |       |       |       ||     1
  Use: Scroll            |       |       |     2 |    17 |     1 |    11 |       ||    31
       Potion            |       |       |     3 |     7 |     5 |    20 |     3 ||    38
 Stab: Sleeping          |     3 |     2 |     6 |    14 |    33 |    52 |     4 ||   114
       Distracted        |     1 |       |     2 |    13 |    23 |    17 |     4 ||    60
       Invisible         |       |       |     2 |     3 |    13 |    20 |     3 ||    41
       Paralysed         |       |       |       |     4 |     8 |    14 |       ||    26
       Confused          |       |       |       |     1 |       |       |       ||     1
  Eat: Chunk             |     2 |     9 |    20 |    24 |    29 |    50 |       ||   134
       Pizza             |       |       |       |       |     2 |     1 |       ||     3
       Fruit             |       |       |       |       |       |    18 |    13 ||    31
